 Dungeon Crawl Stone Soup version 0.20.1-1-g8b1a95d (webtiles) character file.

1743 pstr the Digger (level 9, -5/50 HPs)
             Began as a Kobold Earth Elementalist on Dec 1, 2017.
             Was a Believer of Elyvilon.
             Shot with a sling bullet by Joseph (8 damage)
             ... on level 7 of the Dungeon.
             The game lasted 00:24:10 (10234 turns).

pstr the Digger (Kobold Earth Elementalist)        Turns: 10234, Time: 00:24:11

Health: -5/50      AC:  8    Str: 11    XL:     9   Next: 26%
Magic:  12/19      EV: 16    Int: 14    God:    Elyvilon [**....]
Gold:   396        SH:  0    Dex: 19    Spells: 10/21 levels left

rFire    + . .     SeeInvis .   r - +3 dagger of the Thing {elec, rPois Int-5 Dex+4} (curse)
rCold    x . .     Gourm    .   (shield restricted)
rNeg     . . .     Faith    +   m - +0 leather armour
rPois    +         Spirit   .   v - +0 helmet
rElec    .         Reflect  .   (no cloak)
rCorr    .         Harm     .   B - +0 pair of gloves
MR       .....                  (no boots)
Stlth    +++.......             s - amulet of faith
Regen    0.2/turn               E - ring of fire (curse)
MPRegen  0.2/turn               o - +3 ring of protection

@: mighty, berserk cooldown, slowed, very slow
A: hooves 1, carnivore 3, robust 1, MP-powered wands
a: Lesser Healing, Heal Other, Divine Protection, Renounce Religion


You were on level 7 of the Dungeon.
You worshipped Elyvilon.
Elyvilon was pleased with you.
You were hungry.

You visited 1 branch of the dungeon, and saw 7 of its levels.

You collected 396 gold pieces.

Inventory:

Hand Weapons
 f - a +1 hand axe of chopping
 r - the cursed +3 dagger of the Thing (weapon) {elec, rPois Int-5 Dex+4}
   (You found it on level 5 of the Dungeon)

   Occasionally, upon striking a foe, it will discharge some electrical energy
   and cause terrible harm.
   It affects your intelligence (-5).
   It affects your dexterity (+4).
   It protects you from poison.
   It has a curse placed upon it.
 y - the +0 mace of the Beginning {antimagic, Dex+3}
   (You found it on level 4 of the Dungeon)

   It reduces the magical energy of the wielder, and disrupts the spells and
   magical abilities of those hit.
   Natural abilities and divine invocations are not affected.
   It affects your dexterity (+3).
 D - a +1 quarterstaff of crushing
Missiles
 b - 332 stones (quivered)
Armour
 c - a +0 robe
 h - a +0 ring mail
 m - a +0 leather armour (worn)
 u - a +0 animal skin
 v - a +0 helmet (worn)
 B - a +0 pair of gloves (worn)
Jewellery
 k - a +2 ring of protection
 o - a +3 ring of protection (right hand)
 s - an amulet of faith (around neck)
 E - a cursed ring of fire (left hand)
Wands
 p - a wand of digging (1/24)
Scrolls
 j - a scroll of teleportation
 l - 3 scrolls of identify
 w - 2 scrolls of immolation {unknown}
 x - 6 scrolls of enchant armour {unknown}
 z - a scroll of fear {unknown}
 C - 2 scrolls of remove curse
Potions
 g - 2 potions of haste
Books
 e - a book of Geomancy

   Spells                             Type                      Level
   a - Sandblast                      Earth                        1
   b - Passwall                       Transmutation/Earth          2
   c - Stone Arrow                    Conjuration/Earth            3
   d - Petrify                        Transmutation/Earth          4
   e - Lee's Rapid Deconstruction     Earth                        5
 i - a book of Maledictions

   Spells                             Type                      Level
   a - Corona                         Hexes                        1
   b - Ensorcelled Hibernation        Hexes/Ice                    2
   c - Confuse                        Hexes                        3
   d - Tukima's Dance                 Hexes                        3
   e - Dazzling Spray                 Conjuration/Hexes            3
Comestibles
 a - 3 royal jellies
 d - 2 meat rations


   Skills:
 + Level 0.4 Fighting
 + Level 1.0 Axes
 + Level 1.9 Armour
 + Level 3.5 Dodging
 + Level 4.2 Stealth
 + Level 6.7 Spellcasting
 + Level 4.4 Conjurations
 + Level 1.0 Transmutations
 + Level 7.2 Earth Magic


You had 10 spell levels left.
You knew the following spells:

 Your Spells              Type           Power        Failure   Level  Hunger
a - Sandblast             Erth           ####..       1%          1    None
b - Passwall              Tmut/Erth      ###.......   5%          2    #......
c - Stone Arrow           Conj/Erth      ###...       5%          3    ##.....
d - Lee's Rapid Deconstr  Erth           ####......   26%         5    ######.


Dungeon Overview and Level Annotations

Branches:
Dungeon (7/15)             Temple (0/1) D:6

Altars:
Elyvilon
Makhleb
Okawaru
Qazlal
Ru
Xom
Zin
The Shining One

Shops:
D:5 [

Annotations:
D:7 Joseph


Innate Abilities, Weirdness & Mutations

You are small and have problems with some larger weapons.
You are carnivorous and can eat meat at any time.
You have large cloven feet.
You are robust. (+10% HP)
You expend magic power (3 MP) to strengthen your wands.


Message History

Joseph shoots a sling bullet.
The sling bullet hits you but does no damage.
You see here a sling bullet.
It was a potion of might.
You feel very mighty all of a sudden.
It was a potion of berserk rage.
A red film seems to cover your vision as you go berserk!
You feel yourself moving faster!
You feel mighty!
You feel a strong urge to attack something.
Joseph shoots a sling bullet.
The sling bullet barely misses you.
Joseph shoots a sling bullet.
The sling bullet closely misses you.
You feel your anger subside.
You see here 2 sling bullets.
You are no longer berserk.
You are exhausted.
You feel yourself slow down.
Joseph shoots a sling bullet.
The sling bullet barely misses you.
You see here a sling bullet.
Joseph shoots a sling bullet.
The sling bullet hits you!
You die...

#8#.# #####2###.... ###..#
#..#####..... ### #...##
#..#####..... .... #....##
##........... .....#####.....##
##............
......((.#......####..##.........
.....###.@.(..(..#....###........
..@) ###............# #####.###
... #......@.....# ## ..
#......#.....# . #.....###...##
#....## #...# ##..## #...# ####
#...# #...# .#


You could see Joseph.

Vanquished Creatures
  The ghost of Frank the Slasher, a novice OpFi (D:4)
  A wraith (D:7)
  A water moccasin (D:4)
  Purgy (D:4)
  A phantom (D:7)
  3 centaurs
  A scorpion (D:4)
  A wight (D:7)
  4 crimson imps
  2 hounds
  An orc priest (D:3)
  Terence (D:2)
  3 iguanas
  Natasha (thrice) (D:3)
  An orc wizard (D:6)
  3 worker ants
  A hound skeleton (D:4)
  Robin (D:4)
  8 adders
  An adder zombie (D:5)
  An adder skeleton (D:4)
  6 worms
  2 dart slugs (D:2)
  3 leopard geckos
  10 orcs
  5 giant cockroaches
  11 goblins
  10 hobgoblins
  9 jackals
  3 quokkas (D:2)
  A ball python (D:2)
  A ball python skeleton (D:4)
  6 bats
  4 frilled lizards
  A jackal skeleton (D:4)
  7 kobolds
  9 rats
128 creatures vanquished.

Notes
Turn   | Place    | Note
-------+----------+-------------------------------------------
     0 | D:1      | pstr the Kobold Earth Elementalist began the quest for the Orb.
     0 | D:1      | Reached XP level 1. HP: 10/10 MP: 3/3
   195 | D:1      | Reached XP level 2. HP: 14/15 MP: 0/5
   212 | D:1      | Learned a level 2 spell: Passwall
   721 | D:2      | Reached XP level 3. HP: 19/19 MP: 2/6
   726 | D:2      | Learned a level 3 spell: Stone Arrow
  1376 | D:2      | HP: 1/28 [poisoned by an adder]
  1735 | D:2      | Reached XP level 4. HP: 24/24 MP: 4/8
  1773 | D:2      | Noticed Terence
  1883 | D:2      | Reached skill level 4 in Earth Magic
  2093 | D:2      | Killed Terence
  2287 | D:2      | Reached XP level 5. HP: 19/28 MP: 0/10
  3245 | D:3      | Reached skill level 1 in Conjurations
  3371 | D:3      | Noticed Purgy
  3730 | D:4      | Noticed Robin
  3755 | D:5      | Entered Level 5 of the Dungeon
  3806 | D:5      | Noticed a centaur
  3809 | D:5      | Killed a centaur
  3809 | D:5      | Reached XP level 6. HP: 23/32 MP: 1/11
  3901 | D:5      | Learned a level 5 spell: Lee's Rapid Deconstruction
  4326 | D:3      | Noticed Natasha
  4327 | D:3      | Killed Natasha
  4341 | D:3      | Noticed Natasha
  4342 | D:3      | Killed Natasha
  4465 | D:3      | Reached skill level 5 in Earth Magic
  4839 | D:3      | Noticed Natasha
  5032 | D:3      | Killed Natasha
  5073 | D:3      | Reached XP level 7. HP: 36/36 MP: 2/13
  5471 | D:4      | Killed Robin
  5911 | D:4      | Killed Purgy
  5911 | D:4      | Reached skill level 1 in Axes
  6072 | D:4      | Noticed a water moccasin
  6084 | D:4      | Killed a water moccasin
  6282 | D:4      | Reached skill level 5 in Spellcasting
  6551 | D:4      | Noticed Frank's ghost (novice OpFi)
  6599 | D:4      | Killed Frank's ghost
  6599 | D:4      | Reached skill level 1 in Armour
  6599 | D:4      | Reached skill level 6 in Earth Magic
  6599 | D:4      | Reached XP level 8. HP: 30/41 MP: 0/16
  6770 | D:4      | Found a glowing golden altar of the Shining One.
  6824 | D:4      | Got a crystal mace
  6825 | D:4      | Identified the cursed +0 mace of the Beginning {antimagic, Dex+3} (You found it on level 4 of the Dungeon)
  7479 | D:5      | Found Feesh's Armour Shoppe.
  7637 | D:5      | Found a shimmering altar of Xom.
  7641 | D:5      | Found an iron altar of Okawaru.
  7817 | D:5      | Found a sacrificial altar of Ru.
  7827 | D:5      | Got a translucent dagger
  7838 | D:5      | Identified the cursed +3 dagger of the Thing {elec, rPois Int-5 Dex+4} (You found it on level 5 of the Dungeon)
  7839 | D:5      | Found a white marble altar of Elyvilon.
  7843 | D:5      | Became a worshipper of Elyvilon the Healer
  8596 | D:6      | Found a stormy altar of Qazlal.
  8598 | D:6      | Reached * piety under Elyvilon
  8873 | D:6      | Found a staircase to the Ecumenical Temple.
  9295 | D:6      | Reached XP level 9. HP: 46/46 MP: 8/18
  9508 | D:6      | Reached ** piety under Elyvilon
  9764 | D:7      | Reached skill level 7 in Earth Magic
  9903 | D:7      | Found a burning altar of Makhleb.
  9903 | D:7      | Found a glowing silver altar of Zin.
  9904 | D:7      | Noticed an angel
  9904 | D:7      | Noticed a cacodemon
 10217 | D:7      | Noticed Joseph
 10222 | D:7      | Gained mutation: You expend magic power (3 MP) to strengthen your wands. [potion of mutation]
 10222 | D:7      | Gained mutation: You have large cloven feet. [potion of mutation]
 10222 | D:7      | Gained mutation: You are robust. (+10% HP) [potion of mutation]
 10222 | D:7      | HP: 1/50 [Joseph/sling bullet (9)]
 10234 | D:7      | Shot with a sling bullet by Joseph

Skill      XL: |  1  2  3  4  5  6  7  8  9 |
---------------+----------------------------+-----
Stealth        | 3 4 |  4.2
Earth Magic    | 4 5 6 7 |  7.2
Spellcasting   | 3 4 5 6 |  6.7
Conjurations   | 1 2 3 4 |  4.4
Axes           | 1 |  1.0
Dodging        | 3 |  3.5
Armour         | 1 |  1.9
Fighting       | |  0.4
Transmutations | |  1.0

Action                   |  1- 3 |  4- 6 |  7- 9 || total
-------------------------+-------+-------+-------++-------
Melee: Hand axe          |    18 |     5 |    11 ||    34
 Cast: Sandblast         |    34 |    37 |    28 ||    99
       Stone Arrow       |     8 |    49 |    97 ||   154
  Use: Potion            |     3 |       |     5 ||     8
       Scroll            |       |     2 |     2 ||     4
  Eat: Chunk             |    11 |    16 |    13 ||    40
Armor: Robe              |     9 |     8 |     2 ||    19
       Skin              |    11 |       |       ||    11
       Leather armour    |       |       |    17 ||    17
Dodge: Dodged            |    30 |    42 |    68 ||   140
